 Dungeon Crawl Stone Soup version 0.21.1-1-g345015f (webtiles) character file.

15487 diana the Martial Artist (level 12, -4/97 HPs)
             Began as a Demonspawn Monk on June 17, 2018.
             Was the Champion of Okawaru.
             Slain by a skeletal warrior
             ... wielding the +1 great sword "Daqupp" {flame, rC+ Int+6}
              (10 damage)
             ... on level 12 of the Dungeon.
             The game lasted 00:31:08 (15538 turns).

diana the Martial Artist (Demonspawn Monk)         Turns: 15538, Time: 00:31:08

Health: -4/97      AC:  8    Str: 17    XL:     12   Next: 1%
Magic:  0/15       EV: 18    Int: 16    God:    Okawaru [******]
Gold:   724        SH:  0    Dex: 16    Spells: 8/11 levels left

rFire    . . .     SeeInvis .     - Unarmed
rCold    + . .     Gourm    .   (no shield)
rNeg     + . .     Faith    .   h - +2 leather armour {rPois}
rPois    +         Spirit   +   (no helmet)
rElec    .         Reflect  .   B - +1 cloak {MR+}
rCorr    .         Harm     .   (no gloves)
MR       +....                  m - +0 pair of boots
Stlth    ++++......             y - amulet of Xom's Best Wishes {RegenMP rN+ Str+2}
HPRegen  0.26/turn              l - +3 ring of intelligence
MPRegen  0.53/turn              H - ring of wizardry

@: repel missiles
A: hooves 1, repulsion field 3, cold resistance 1, magic shield, magic
regeneration, freezing cloud immunity
a: Heroism, Finesse, Renounce Religion


You were on level 12 of the Dungeon.
You worshipped Okawaru.
Okawaru was exalted by your worship.
You were not hungry.

You visited 2 branches of the dungeon, and saw 13 of its levels.
You visited 1 bazaar.
You also visited: Sewer.

You collected 724 gold pieces.

Inventory:

Missiles
 c - a throwing net (quivered)
 o - 8 poisoned javelins
Armour
 h - a +2 leather armour of poison resistance (worn)
 m - a +0 pair of boots (worn)
 B - a +1 cloak of magic resistance (worn)
Jewellery
 l - a +3 ring of intelligence (left hand)
 y - the amulet of Xom's Best Wishes (around neck) {RegenMP rN+ Str+2}
   (You found it on level 6 of the Dungeon)

   [amulet of magic regeneration]

   It increases your magic regeneration.
   It affects your strength (+2).
   It protects you from negative energy.
 H - a ring of wizardry (right hand)
Wands
 a - a wand of polymorph (11)
 w - a wand of iceblast (19)
 z - a wand of flame (20)
 E - a wand of digging (18)
Scrolls
 d - 3 scrolls of magic mapping
 e - 3 scrolls of fear {unknown}
 f - 5 scrolls of remove curse {unknown}
 g - 2 scrolls of amnesia {unknown}
 i - 3 scrolls of identify
 j - 7 scrolls of teleportation
 k - 2 scrolls of enchant weapon {unknown}
 n - 6 scrolls of blinking {unknown}
 p - 6 scrolls of enchant armour {unknown}
 q - a scroll of immolation {unknown}
 s - 2 scrolls of random uselessness {unknown}
 t - 2 scrolls of noise {unknown}
 A - 2 scrolls of fog {unknown}
Potions
 r - 2 potions of curing
 u - 2 potions of agility {unknown}
 x - 3 potions of haste {unknown}
 C - 2 potions of mutation {unknown}
 D - a potion of might {unknown}
 F - a potion of resistance {unknown}
 I - a potion of brilliance {unknown}
Books
 v - a book of Conjurations

   Spells                             Type                      Level
   a - Magic Dart                     Conjuration                  1
   b - Searing Ray                    Conjuration                  2
   c - Dazzling Spray                 Conjuration/Hexes            3
   d - Fulminant Prism                Conjuration/Hexes            4
   e - Force Lance                    Conjuration/Translocation    4
   f - Iskenderun's Mystic Blast      Conjuration                  4
 G - a book of Minor Magic

   Spells                             Type                      Level
   a - Magic Dart                     Conjuration                  1
   b - Blink                          Translocation                2
   c - Call Imp                       Summoning                    2
   d - Slow                           Hexes                        2
   e - Conjure Flame                  Conjuration/Fire             3
   f - Mephitic Cloud                 Conjuration/Poison/Air       3
Comestibles
 b - 22 rations
 J - a chunk of flesh


   Skills:
 + Level 10.0 Fighting
 + Level 3.5 Armour
 + Level 3.6 Dodging
 - Level 8.1 Stealth
 * Level 12.9 Unarmed Combat
 + Level 4.4 Invocations


You had 8 spell levels left.
You knew the following spells:

 Your Spells              Type           Power        Failure   Level  Hunger
a - Mephitic Cloud        Conj/Pois/Air  #.......     32%         3    ####...


Dungeon Overview and Level Annotations

Branches:
Dungeon (12/15)            Temple (1/1) D:7            Lair (0/6) D:10
    Orc (0/2) D:9

Altars:
Ashenzari
Cheibriados
Dithmenos
Elyvilon
Fedhas
Gozag
Hepliaklqana
Kikubaaqudgha
Makhleb
Nemelex Xobeh
Okawaru
Qazlal
Ru
Sif Muna
Trog
Uskayaw
Vehumet
Wu Jian
Xom
Yredelemnul
Zin
The Shining One

Shops:
D:4 :   D:5 *   D:12 *


Innate Abilities, Weirdness & Mutations

You have large cloven feet.
You are surrounded by a strong repulsion field. (EV +4, RMsl)
Your flesh is cold resistant. (rC+)
When hurt, damage is shared between your health and your magic reserves.
You regenerate magic rapidly.
You are immune to freezing clouds.


Message History

The skeletal warrior burns you.
You hit the skeletal warrior.
The skeletal warrior is severely damaged.
You barely miss the skeletal warrior. Your punch misses the skeletal warrior.
The skeletal warrior is severely damaged.
The skeletal warrior hits you with a translucent great sword {flame}!
* * * LOW HITPOINT WARNING * * *
The skeletal warrior burns you.
* * * LOW HITPOINT WARNING * * *
You closely miss the skeletal warrior.
The skeletal warrior is severely damaged.
The skeletal warrior misses you.
You hit the skeletal warrior but do no damage.
The skeletal warrior is severely damaged.
You punch the skeletal warrior!
The skeletal warrior is almost destroyed.
The skeletal warrior hits you with a translucent great sword {flame}!!
* * * LOW HITPOINT WARNING * * *
The skeletal warrior burns you!
You die...

#.....'....##+# . ##.....#....#
.. ##......#>...# ..
##.......#....#
.###........#....# #....
............#....## +....
............#.....# #....
..(.........#.....# #....
............##..@.# #....
....#'####...#..z.# #....
#####....#...#....####+ ##(...
#........#...#......... #.....
#........#...#......... #.....
#........#...#.......... #####.
#........#...#.......... #.
#........'...###################.
##########..............†........


You could see a skeletal warrior.

Vanquished Creatures
  Josephine (D:10)
  Erolcha (D:9)
  A hydra (D:7)
  3 two-headed ogres
  The ghost of poxu the Eclecticist, a journeyman DEWz of Vehumet (D:10)
  The ghost of Abmis123 the Slicer, a novice HaFi of Dithmenos (D:7)
  Pikel (D:7)
  An ugly thing (D:12)
  2 cyclopes
  A centaur zombie (D:10)
  3 trolls
  A hippogriff (D:11)
  2 dream sheep
  11 yaks
  3 wraiths (D:10)
  The ghost of Ethylacetat the Slasher, an amateur DsMo (D:3)
  A steam dragon (D:6)
  Edmund (D:6)
  A hungry ghost (D:10)
  A water moccasin (D:7)
  A black bear (D:12)
  An ice beast (D:11)
  A phantom (Temple)
  An orc warrior (D:7)
  3 sky beasts
  A slave (D:7)
  4 ogres
  12 centaurs
  5 big kobolds
  8 bullfrogs
  3 scorpions
  4 killer bees (D:7)
  5 wights
  3 crimson imps
  2 bullfrog zombies
  3 bullfrog skeletons
  11 hounds
  3 jellies
  Crazy Yiuf (D:7)
  3 orc priests (D:7)
  4 iguanas
  6 worker ants
  A hound zombie (D:10)
  A hound skeleton (D:7)
  A worker ant zombie (D:11)
  6 gnolls
  15 adders
  A shadow imp (D:11)
  8 oozes
  6 worms
  A dart slug (D:5)
  18 leopard geckos
  17 orcs
  11 ball pythons
  15 giant cockroaches
  7 goblins
  7 hobgoblins
  8 jackals
  9 kobolds
  7 quokkas
  5 bats
  22 frilled lizards
  A jackal skeleton (D:7)
  2 quokka skeletons
  9 rats
301 creatures vanquished.

Vanquished Creatures (others)
  3 slaves (D:7)
3 creatures vanquished.

Grand Total: 304 creatures vanquished

Notes
Turn   | Place    | Note
-------+----------+-------------------------------------------
     0 | D:1      | diana the Demonspawn Monk began the quest for the Orb.
     0 | D:1      | Reached XP level 1. HP: 18/18 MP: 1/1
   511 | D:1      | Reached skill level 3 in Unarmed Combat
   511 | D:1      | Gained mutation: When hurt, damage is shared between your health and your magic reserves. [demonic ancestry]
   511 | D:1      | Reached XP level 2. HP: 19/24 MP: 2/2
  1399 | D:2      | Gained mutation: Your flesh is cold resistant. (rC+) [demonic ancestry]
  1399 | D:2      | Reached XP level 3. HP: 25/29 MP: 3/3
  1462 | D:2      | Reached skill level 1 in Armour
  1649 | D:2      | Found a hazy altar of Hepliaklqana.
  1710 | D:2      | Gained mutation: You are immune to freezing clouds. [demonic ancestry]
  1710 | D:2      | Reached XP level 4. HP: 8/35 MP: 1/4
  1859 | D:2      | Found a radiant altar of Vehumet.
  1861 | D:2      | Found a sparkling altar of Nemelex Xobeh.
  1909 | D:2      | Found a glowing golden altar of the Shining One.
  2181 | D:2      | Reached skill level 4 in Unarmed Combat
  2181 | D:2      | Gained mutation: You are surrounded by a mild repulsion field. (EV +2) [demonic ancestry]
  2181 | D:2      | Reached XP level 5. HP: 7/41 MP: 1/5
  2898 | D:3      | Found a snail-covered altar of Cheibriados.
  3255 | D:3      | Noticed Ethylacetat's ghost (amateur DsMo)
  3283 | D:3      | Killed Ethylacetat's ghost
  3283 | D:3      | Reached skill level 5 in Unarmed Combat
  3283 | D:3      | Reached XP level 6. HP: 47/47 MP: 6/6
  4156 | D:4      | Found Sausiy's Book Shoppe.
  4439 | D:5      | Entered Level 5 of the Dungeon
  4519 | D:5      | Gained mutation: You regenerate magic rapidly. [demonic ancestry]
  4519 | D:5      | Reached XP level 7. HP: 23/52 MP: 3/7
  4699 | D:5      | Found a shadowy altar of Dithmenos.
  5024 | D:5      | Reached skill level 6 in Unarmed Combat
  5254 | D:5      | Found a burning altar of Makhleb.
  5302 | D:5      | Found Xanner's General Store.
  5866 | D:6      | Noticed Edmund
  5878 | D:6      | Found a bloodstained altar of Trog.
  5896 | D:6      | Reached XP level 8. HP: 53/60 MP: 8/8
  5934 | D:6      | Reached skill level 5 in Stealth
  5941 | D:6      | Got a pitted pewter amulet
  5943 | D:6      | Identified the amulet of Xom's Best Wishes {RegenMP rN+ Str+2} (You found it on level 6 of the Dungeon)
  5964 | D:6      | Found a deep blue altar of Sif Muna.
  6045 | D:6      | Killed Edmund
  6045 | D:6      | Reached skill level 7 in Unarmed Combat
  6266 | D:6      | Found a glowing drain.
  6270 | Sewer    | Entered a sewer
  6650 | Sewer    | Reached skill level 5 in Fighting
  7013 | D:7      | Noticed Abmis123's ghost (novice HaFi)
  7339 | D:7      | Found a staircase to the Ecumenical Temple.
  7537 | D:6      | Reached skill level 8 in Unarmed Combat
  7786 | Temple   | Entered the Ecumenical Temple
  8136 | Temple   | Became a worshipper of Warmaster Okawaru
  8136 | Temple   | Reached * piety under Okawaru
  8136 | Temple   | Reached ** piety under Okawaru
  8273 | Temple   | Gained mutation: You are surrounded by a moderate repulsion field. (EV +3) [demonic ancestry]
  8273 | Temple   | Reached XP level 9. HP: 57/68 MP: 9/9
  8546 | D:7      | Killed Abmis123's ghost
  8938 | D:7      | Found a runed door.
  9048 | D:7      | Reached skill level 9 in Unarmed Combat
  9051 | D:7      | Noticed Pikel
  9077 | D:7      | Killed Pikel
  9077 | D:7      | Reached *** piety under Okawaru
  9709 | D:7      | Noticed Crazy Yiuf
  9720 | D:7      | Killed Crazy Yiuf
  9761 | D:8      | Found a stormy altar of Qazlal.
  9772 | D:8      | Noticed a two-headed ogre
 10459 | D:8      | Reached XP level 10. HP: 79/79 MP: 10/10
 10460 | D:8      | Found a basalt altar of Yredelemnul.
 10615 | D:8      | Noticed a two-headed hydra
 10669 | D:7      | Killed a two-headed hydra
 10669 | D:7      | Reached **** piety under Okawaru
 10669 | D:7      | Reached skill level 10 in Unarmed Combat
 11194 | D:7      | Killed a two-headed ogre
 11379 | D:8      | Reached skill level 1 in Invocations
 11383 | D:8      | Reached ***** piety under Okawaru
 11596 | D:9      | Found a staircase to the Orcish Mines.
 11746 | D:9      | Noticed Erolcha
 11773 | D:9      | Killed Erolcha
 11773 | D:9      | Reached skill level 11 in Unarmed Combat
 12282 | D:10     | Entered Level 10 of the Dungeon
 12361 | D:10     | Found a staircase to the Lair.
 12421 | D:10     | Noticed poxu's ghost (journeyman DEWz)
 12438 | D:10     | Killed poxu's ghost
 12440 | D:10     | Gained mutation: You have large cloven feet. [demonic ancestry]
 12440 | D:10     | Reached XP level 11. HP: 63/87 MP: 13/13
 12448 | D:10     | Noticed Josephine
 12545 | D:10     | Noticed a two-headed ogre
 12556 | D:10     | Killed a two-headed ogre
 12675 | D:10     | Received a gift from Okawaru
 13113 | D:10     | Killed Josephine
 13113 | D:10     | Reached skill level 12 in Unarmed Combat
 13442 | D:10     | Learned a level 3 spell: Mephitic Cloud
 13752 | D:11     | Found a flickering gateway to a bazaar.
 13759 | Bazaar   | Entered a bazaar
 13759 | Bazaar   | Found Tefot's Weapon Shop.
 13759 | Bazaar   | Found Usuf's Gadget Boutique.
 13791 | Bazaar   | Found Nopiotit's Book Emporium.
 13806 | Bazaar   | Found Yzxoah's Book Shoppe.
 13866 | Bazaar   | Found Inluneo's Food Shop.
 14864 | D:11     | Received a gift from Okawaru
 15045 | D:12     | Noticed a two-headed ogre
 15060 | D:12     | Killed a two-headed ogre
 15118 | D:12     | Found Lainkil's Assorted Antiques.
 15150 | D:12     | Noticed a purple ugly thing
 15175 | D:12     | Killed a purple ugly thing
 15175 | D:12     | Reached ****** piety under Okawaru
 15399 | D:12     | Reached skill level 10 in Fighting
 15399 | D:12     | Gained mutation: You are surrounded by a strong repulsion field. (EV +4, RMsl) [demonic ancestry]
 15399 | D:12     | Reached XP level 12. HP: 45/97 MP: 8/15
 15459 | D:12     | Noticed a brown very ugly thing
 15538 | D:12     | Identified the +1 great sword "Daqupp" {flame, rC+ Int+6}
 15538 | D:12     | Slain by a skeletal warrior

Skill      XL: |  1  2  3  4  5  6  7  8  9 10 11 |
---------------+----------------------------------+-----
Stealth        | 2 3 4 6 7 8 |  8.1
Unarmed Combat | 3 4 5 6 8 9 11 12 | 12.9
Armour         | 1 2 3 |  3.5
Fighting       | 4 5 7 8 10 | 10.0
Invocations    | 3 4 |  4.4
Dodging        | 3 |  3.6

Action                   |  1- 3 |  4- 6 |  7- 9 | 10-12 || total
-------------------------+-------+-------+-------+-------++-------
Melee: Unarmed           |   177 |   303 |   723 |   495 ||  1698
       Punch             |     2 |    10 |    19 |    42 ||    73
Invok: Heroism           |       |       |     1 |     3 ||     4
Evoke: Wand              |       |       |       |     5 ||     5
  Use: Potion            |       |     2 |     2 |     5 ||     9
       Scroll            |       |       |     1 |     4 ||     5
 Stab: Sleeping          |     2 |     6 |     9 |    17 ||    34
       Distracted        |       |       |     2 |     1 ||     3
  Eat: Chunk             |     2 |     5 |    14 |     9 ||    30
       Ration            |       |     1 |     2 |     3 ||     6
Armor: Robe              |     3 |       |       |       ||     3
       Leather armour    |    35 |    51 |   177 |    92 ||   355
       Skin              |       |     7 |    10 |     5 ||    22
Dodge: Dodged            |    96 |   179 |   586 |   326 ||  1187
